AA
WICHITA AEROS @ OMAHA STORM CHASERS
08/24/1982
 
TOP OF THE 1ST
Wichita Aeros batting - Pitching for Omaha Storm Chasers : LHP Joe W Price
Pitching: LHP Joe W Price
Batting: LHB Omar Guerrero 0-0: SINGLE (Line Drive, 7S, EV 95.6 MPH)
Batting: SHB Gary Pettis 0-0: Ball
1-0: Called Strike
1-1: Ball
2-1: Foul Ball, location: 2F
2-2: Reached on error, E1 (Groundball, 15S, EV 70.6 MPH)
Omar Guerrero to second
Batting: LHB Michael Barnes 0-0: Ball
1-0: Swinging Strike
1-1: Foul Ball, location: 2F
1-2: Ball
2-2: Ball
3-2: Ground out 1-3 (Groundball, 25, EV 64.4 MPH)
Omar Guerrero to third
Gary Pettis to second
Batting: RHB Jesse Barfield 0-0: Ball
1-0: Ground out 5-3 (Groundball, 5, EV 108.1 MPH)
Batting: RHB Greg Cypret 0-0: Ball
1-0: Called Strike
1-1: Ball
2-1: Foul Ball, location: 2F
2-2: SINGLE (Flyball, 34D, EV 88.8 MPH)
Omar Guerrero scores
Gary Pettis to third
Runner from 3rd tries for Home, SAFE, throw by RF to home
Batting: LHB Glenn Gulliver 0-0: Ball
1-0: Ball
2-0: Foul Ball, location: 2F
2-1: Ball
3-1: Called Strike
3-2: Base on Balls
Greg Cypret to second
Batting: RHB Gary House 0-0: Called Strike
0-1: Ball
1-1: Swinging Strike
1-2: Strikes out swinging
Top of the 1st over - 2 runs, 2 hits, 1 error, 2 left on base; Wichita 2 - Omaha 0
BOTTOM OF THE 1ST
Omaha Storm Chasers batting - Pitching for Wichita Aeros : RHP Greg A Harris
Pitching: RHP Greg A Harris
Batting: RHB Jay Schellin 0-0: DOUBLE (Line Drive, 3D, EV 93.8 MPH)
Batting: SHB Rafael Landestoy 0-0: SINGLE (Line Drive, 7LS, EV 105.0 MPH)
Jay Schellin to third
Runner from 3rd tries for Home, SAFE, throw by LF to home
Batting: RHB Don Money 0-0: Called Strike
0-1: Ball
1-1: Ball
2-1: Reached on error, E5 (Flyball, 5D, EV 90.6 MPH)
Rafael Landestoy to second
Batting: LHB Mike LaValliere 0-0: Ball
1-0: Swinging Strike
1-1: Ball
2-1: Foul Ball, location: 2F
2-2: Ball
3-2: Foul Ball, location: 2F
3-2: SINGLE (Line Drive, 5D, EV 99.4 MPH)
Rafael Landestoy to third
Don Money to second
Runner from 3rd tries for Home, SAFE, throw by LF to home
Batting: RHB Eddie Gates 0-0: Ball
1-0: Foul Ball, location: 2F
1-1: Foul Ball, location: 2F
1-2: Foul Ball, location: 2F
1-2: Foul Ball, location: 2F
1-2: Foul Ball, location: 2F
1-2: Foul Ball, location: 2F
1-2: Foul Ball, location: 2F
1-2: Fly out, F8 (Flyball, 8LM, EV 81.9 MPH)
Batting: LHB Donald Elliott 0-0: Ball
1-0: Called Strike
1-1: Swinging Strike
1-2: Foul Ball, location: 2F
1-2: Grounds into double play, 3-6-1 (Groundball, 34, EV 102.5 MPH)
Bottom of the 1st over - 2 runs, 3 hits, 1 error, 1 left on base; Wichita 2 - Omaha 2
TOP OF THE 2ND
Wichita Aeros batting - Pitching for Omaha Storm Chasers : LHP Joe W Price
Batting: RHB Dave Stenhouse 0-0: Ball
1-0: Called Strike
1-1: Called Strike
1-2: Foul Ball, location: 2F
1-2: Foul Ball, location: 2F
1-2: Ball
2-2: Ball
3-2: Foul Ball, location: 2F
3-2: Ground out 4-3 (Groundball, 4, EV 93.8 MPH)
Batting: LHB Jesus Ramos 0-0: Ball
1-0: Ball
2-0: Swinging Strike
2-1: Ball
3-1: Base on Balls
Batting: LHB Omar Guerrero 0-0: Ball
1-0: Ball
2-0: Ball
3-0: Called Strike
3-1: Base on Balls
Jesus Ramos to second
Batting: SHB Gary Pettis 0-0: Called Strike
0-1: Foul Ball, location: 2F
0-2: Grounds into double play, 4-6-3 (Groundball, 4, EV 93.8 MPH)
Top of the 2nd over - 0 runs, 0 hits, 0 errors, 1 left on base; Wichita 2 - Omaha 2
BOTTOM OF THE 2ND
Omaha Storm Chasers batting - Pitching for Wichita Aeros : RHP Greg A Harris
Batting: RHB Mike Allport 0-0: Called Strike
0-1: Fly out, F7 (Flyball, 78D, EV 101.3 MPH)
Batting: SHB Larry Bowa 0-0: Fly out, F5 (Popup, 6S, EV 65.0 MPH)
Batting: RHB Odie Davis 0-0: Ball
1-0: Called Strike
1-1: Ball
2-1: Ball
3-1: Called Strike
3-2: Foul Ball, location: 2F
3-2: Base on Balls
Batting: RHB Jay Schellin 0-0: Called Strike
0-1: Called Strike
0-2: Ball
Wild Pitch!
Odie Davis to second
1-2: Ground out 4-3 (Groundball, 4, EV 105.6 MPH)
Bottom of the 2nd over - 0 runs, 0 hits, 0 errors, 1 left on base; Wichita 2 - Omaha 2
TOP OF THE 3RD
Wichita Aeros batting - Pitching for Omaha Storm Chasers : LHP Joe W Price
Batting: LHB Michael Barnes 0-0: Called Strike
0-1: Ground out 3-1 (Groundball, 34S, EV 88.1 MPH)
Batting: RHB Jesse Barfield 0-0: Ball
1-0: Ball
2-0: Called Strike
2-1: Fly out, F8 (Flyball, 8LD, EV 85.6 MPH)
Batting: RHB Greg Cypret 0-0: Ball
1-0: Ball
2-0: Called Strike
2-1: Ball
3-1: Ground out U3 (Groundball, 34, EV 107.5 MPH)
Top of the 3rd over - 0 runs, 0 hits, 0 errors, 0 left on base; Wichita 2 - Omaha 2
BOTTOM OF THE 3RD
Omaha Storm Chasers batting - Pitching for Wichita Aeros : RHP Greg A Harris
Batting: SHB Rafael Landestoy 0-0: Ball
1-0: Called Strike
1-1: Ball
2-1: Foul Ball, location: 2F
2-2: Fly out, F7 (Flyball, 78D, EV 90.6 MPH)
Batting: RHB Don Money 0-0: Called Strike
0-1: Ground out U3 (Groundball, 34S, EV 84.4 MPH)
Batting: LHB Mike LaValliere 0-0: Foul Ball, location: 2F
0-1: Called Strike
0-2: Ball
1-2: Ball
2-2: Ground out 3-1 (Groundball, 34, EV 86.9 MPH)
Bottom of the 3rd over - 0 runs, 0 hits, 0 errors, 0 left on base; Wichita 2 - Omaha 2
TOP OF THE 4TH
Wichita Aeros batting - Pitching for Omaha Storm Chasers : LHP Joe W Price
Batting: LHB Glenn Gulliver 0-0: Called Strike
0-1: Ball
1-1: Ball
2-1: Ball
3-1: SINGLE (Groundball, 6D, EV 93.8 MPH)
Batting: RHB Gary House 0-0: Foul Ball, location: 2F
0-1: Ball
1-1: Swinging Strike
1-2: Strikes out looking
Batting: RHB Dave Stenhouse 0-0: Called Strike
0-1: Foul Ball, location: 2F
0-2: Ball
1-2: Foul Ball, location: 2F
1-2: Ball
2-2: Grounds into double play, 6-4-3 (Groundball, 6, EV 108.1 MPH)
Top of the 4th over - 0 runs, 1 hit, 0 errors, 0 left on base; Wichita 2 - Omaha 2
BOTTOM OF THE 4TH
Omaha Storm Chasers batting - Pitching for Wichita Aeros : RHP Greg A Harris
Batting: RHB Eddie Gates 0-0: Swinging Strike
0-1: Swinging Strike
0-2: Ball
1-2: Foul Ball, location: 2F
1-2: Ball
2-2: Ball
3-2: Ground out 4-3 (Groundball, 4, EV 82.5 MPH)
Batting: LHB Donald Elliott 0-0: Swinging Strike
0-1: Swinging Strike
0-2: SINGLE (Groundball, 3D, EV 108.1 MPH)
Batting: RHB Mike Allport 0-0: Ball
1-0: Ball
2-0: Called Strike
2-1: Called Strike
2-2: Fly out, F8 (Flyball, 8LXD, EV 108.1 MPH)
Batting: SHB Larry Bowa 0-0: DOUBLE (Line Drive, 78D, EV 103.8 MPH)
Donald Elliott to third
Donald Elliott scores
Batting: RHB Odie Davis 0-0: DOUBLE (Flyball, 89XD, EV 95.0 MPH)
Larry Bowa scores
Batting: RHB Jay Schellin 0-0: Ball
1-0: Foul Ball, location: 2F
1-1: Foul Ball, location: 2F
1-2: Fly out, F7 (Flyball, 78S, EV 90.0 MPH)
Bottom of the 4th over - 2 runs, 3 hits, 0 errors, 1 left on base; Wichita 2 - Omaha 4
TOP OF THE 5TH
Wichita Aeros batting - Pitching for Omaha Storm Chasers : LHP Joe W Price
Batting: LHB Jesus Ramos 0-0: Ball
1-0: Ball
2-0: Ball
3-0: Called Strike
3-1: Called Strike
3-2: Fly out, F7 (Flyball, 78D, EV 88.8 MPH)
Batting: LHB Omar Guerrero 0-0: Ball
1-0: Called Strike
1-1: Foul Ball, location: 2F
1-2: SINGLE (Line Drive, 8LS, EV 88.1 MPH)
Batting: SHB Gary Pettis 0-0: Called Strike
0-1: Foul Ball, location: 2F
0-2: Ball
1-2: Strikes out swinging
Batting: LHB Michael Barnes 0-0: Ball
Omar Guerrero steals 2nd base
1-0: Ball
2-0: Swinging Strike
2-1: Ball
3-1: Base on Balls
Batting: RHB Jesse Barfield 0-0: Ball
1-0: Ball
Wild Pitch!
Omar Guerrero to third
Michael Barnes to second
2-0: Ball
Wild Pitch!
Omar Guerrero scores
Michael Barnes to third
3-0: Called Strike
3-1: Base on Balls
Batting: RHB Greg Cypret 0-0: Called Strike
0-1: Ball
1-1: Called Strike
1-2: Foul Ball, location: 2F
1-2: Foul Ball, location: 2F
1-2: Foul Ball, location: 2F
1-2: Fly out, F7 (Flyball, 78M, EV 89.4 MPH)
Top of the 5th over - 1 run, 1 hit, 0 errors, 2 left on base; Wichita 3 - Omaha 4
BOTTOM OF THE 5TH
Omaha Storm Chasers batting - Pitching for Wichita Aeros : RHP Greg A Harris
Batting: SHB Rafael Landestoy 0-0: Ball
1-0: Ground out U3 (Groundball, 3, EV 108.8 MPH)
Batting: RHB Don Money 0-0: Ball
1-0: Ground out 6-3 (Groundball, 6S, EV 70.6 MPH)
Batting: LHB Mike LaValliere 0-0: Called Strike
0-1: Ball
1-1: Ball
2-1: Ball
3-1: Base on Balls
Batting: RHB Eddie Gates 0-0: Called Strike
Pickoff Throw to First - Out! 1-3
Bottom of the 5th over - 0 runs, 0 hits, 0 errors, 0 left on base; Wichita 3 - Omaha 4
TOP OF THE 6TH
Wichita Aeros batting - Pitching for Omaha Storm Chasers : LHP Joe W Price
Batting: LHB Glenn Gulliver 0-0: Ball
1-0: Ball
2-0: Ball
3-0: Called Strike
3-1: Foul Ball, location: 2F
3-2: Ground out 6-3 (Groundball, 6, EV 109.4 MPH)
Batting: RHB Gary House 0-0: Called Strike
0-1: Ball
1-1: Ball
2-1: Ground out 4-3 (Groundball, 4S, EV 86.9 MPH)
Batting: RHB Dave Stenhouse 0-0: Ball
1-0: Called Strike
1-1: Ball
2-1: Fly out, F9 (Flyball, 9D, EV 100.6 MPH)
Top of the 6th over - 0 runs, 0 hits, 0 errors, 0 left on base; Wichita 3 - Omaha 4
BOTTOM OF THE 6TH
Omaha Storm Chasers batting - Pitching for Wichita Aeros : RHP Greg A Harris
Batting: RHB Eddie Gates 0-0: SOLO HOME RUN (Flyball, 78XD, EV 90.6 MPH), Distance : 406 ft
Batting: LHB Donald Elliott 0-0: Called Strike
0-1: Foul Ball, location: 2F
0-2: Ball
1-2: SINGLE (Flyball, 56D, EV 91.3 MPH)
Batting: RHB Mike Allport 0-0: Bunt missed!
0-1: Bunt missed!
0-2: Ball
1-2: Foul Ball, location: 2F
1-2: Grounds into double play, 4-6-3 (Groundball, 4, EV 82.5 MPH)
Batting: SHB Larry Bowa 0-0: Called Strike
0-1: Ball
1-1: Ball
2-1: Ground out 6-3 (Groundball, 6M, EV 108.8 MPH)
Bottom of the 6th over - 1 run, 2 hits, 0 errors, 0 left on base; Wichita 3 - Omaha 5
TOP OF THE 7TH
Wichita Aeros batting - Pitching for Omaha Storm Chasers : LHP Joe W Price
Batting: LHB Jesus Ramos 0-0: Called Strike
0-1: Ball
1-1: Ball
2-1: Ball
3-1: Base on Balls
Batting: LHB Omar Guerrero 0-0: Bunt missed!
0-1: Ball
1-1: Bunt missed!
1-2: Ball
2-2: Fielders Choice at 2nd, 6-4 (Groundball, 6, EV 105.0 MPH)
Batting: SHB Gary Pettis 0-0: Ball
Omar Guerrero steals 2nd base
1-0: Swinging Strike
1-1: Called Strike
1-2: Foul Ball, location: 2F
1-2: Strikes out looking
Batting: LHB Michael Barnes 0-0: Foul Ball, location: 2F
0-1: Foul Ball, location: 2F
0-2: Ball
1-2: Ball
2-2: Ball
3-2: Foul Ball, location: 2F
3-2: Ground out U3 (Groundball, 3, EV 100.6 MPH)
Top of the 7th over - 0 runs, 0 hits, 0 errors, 1 left on base; Wichita 3 - Omaha 5
BOTTOM OF THE 7TH
Omaha Storm Chasers batting - Pitching for Wichita Aeros : RHP Greg A Harris
Batting: RHB Odie Davis 0-0: Foul Ball, location: 2F
0-1: Ball
1-1: Fly out, F9 (Flyball, 9, EV 91.3 MPH)
Batting: RHB Jay Schellin 0-0: Ball
1-0: Foul Ball, location: 2F
1-1: SOLO HOME RUN (Line Drive, 78XD, EV 103.1 MPH), Distance : 421 ft
Pitching: RHP Rob Pietroburgo
Batting: SHB Rafael Landestoy 0-0: Ball
1-0: Foul Ball, location: 2F
1-1: Ball
2-1: Fly out, F7 (Flyball, 7LS, EV 95.0 MPH)
Batting: RHB Don Money 0-0: Ball
1-0: Foul Ball, location: 2F
1-1: Swinging Strike
1-2: Ball
2-2: Ball
3-2: Foul Ball, location: 2F
3-2: Base on Balls
Batting: LHB Mike LaValliere 0-0: Swinging Strike
0-1: Ball
1-1: Ball
2-1: Foul Ball, location: 2F
2-2: Ball
3-2: Fly out, F4 (Popup, 34, EV 68.1 MPH)
Bottom of the 7th over - 1 run, 1 hit, 0 errors, 1 left on base; Wichita 3 - Omaha 6
TOP OF THE 8TH
Wichita Aeros batting - Pitching for Omaha Storm Chasers : LHP Joe W Price
Batting: RHB Jesse Barfield 0-0: Ball
1-0: Foul Ball, location: 2F
1-1: Fly out, F7 (Flyball, 7LS, EV 86.3 MPH)
Batting: RHB Greg Cypret 0-0: Ball
1-0: Ball
2-0: Called Strike
2-1: Called Strike
2-2: Ball
3-2: Base on Balls
Batting: LHB Glenn Gulliver 0-0: Ball
1-0: Foul Ball, location: 2F
1-1: Swinging Strike
1-2: Foul Ball, location: 2F
1-2: Ball
2-2: Ball
3-2: Foul Ball, location: 2F
3-2: Base on Balls
Greg Cypret to second
Batting: RHB Gary House 0-0: Fielders Choice at 2nd, 4-6 (Groundball, 4M, EV 100.6 MPH)
Greg Cypret to third
Batting: RHB Dave Stenhouse 0-0: Called Strike
0-1: Reached via error on a dropped throw from SS, E4 (Groundball, 6, EV 85.6 MPH)
Greg Cypret scores
Gary House to second
Pinch Hitting: RHB Bill Schroeder 0-0: Ball
1-0: Called Strike
1-1: Ball
2-1: Called Strike
2-2: Foul Ball, location: 2F
2-2: Foul Ball, location: 2F
2-2: Fly out, F9 (Line Drive, 9D, EV 86.9 MPH)
Top of the 8th over - 1 run, 0 hits, 1 error, 2 left on base; Wichita 4 - Omaha 6
BOTTOM OF THE 8TH
Omaha Storm Chasers batting - Pitching for Wichita Aeros : RHP Rob Pietroburgo
Now at SS: Victor Mabee
Batting: RHB Eddie Gates 0-0: Fly out, F9 (Line Drive, 9, EV 91.3 MPH)
Batting: LHB Donald Elliott 0-0: Foul Ball, location: 2F
0-1: Swinging Strike
0-2: SINGLE (Groundball, 34D, EV 106.9 MPH)
Batting: RHB Mike Allport 0-0: Ball
1-0: Swinging Strike
1-1: Foul Ball, location: 2F
1-2: Ball
2-2: Fly out, F8 (Flyball, 78D, EV 101.3 MPH)
Batting: SHB Larry Bowa 0-0: Called Strike
0-1: Foul Ball, location: 2F
0-2: Foul Ball, location: 2F
0-2: Ground out 4-3 (Groundball, 34, EV 100.6 MPH)
Bottom of the 8th over - 0 runs, 1 hit, 0 errors, 1 left on base; Wichita 4 - Omaha 6
TOP OF THE 9TH
Wichita Aeros batting - Pitching for Omaha Storm Chasers : LHP Joe W Price
Pitching: RHP Mark Platel
Batting: LHB Omar Guerrero 0-0: Called Strike
0-1: Foul Ball, location: 2F
0-2: Foul Ball, location: 2F
0-2: Ball
1-2: Ball
2-2: Foul Ball, location: 2F
2-2: Strikes out looking
Batting: SHB Gary Pettis 0-0: Called Strike
0-1: Ball
1-1: Called Strike
1-2: SINGLE (Groundball, 4MD, EV 100.6 MPH)
Batting: LHB Michael Barnes 0-0: Ball
1-0: Ball
2-0: Foul Ball, location: 2F
2-1: Foul Ball, location: 2F
2-2: Ball
3-2: Strikes out looking
Gary Pettis steals 2nd base
Batter strikes out.
Batting: RHB Jesse Barfield 0-0: Foul Ball, location: 2F
0-1: Called Strike
0-2: Ball
1-2: Ball
2-2: Ground out 4-3 (Groundball, 4, EV 110.6 MPH)
Top of the 9th over - 0 runs, 1 hit, 0 errors, 1 left on base; Wichita 4 - Omaha 6
Wednesday, August 26th, 2020 - OOTP Baseball 21.5 Build 76